 Dungeon Crawl Stone Soup version 0.28-a0-1594-ga885d4b3d6 (webtiles) character file.

Game seed: 6056646216642968075

73 enile the Skirmisher (level 4, -15/52 HPs)
             Began as an Ogre Wanderer on Jan 21, 2022.
             Was an Initiate of Yredelemnul.
             Demolished by an ogre (27 damage)
             ... on level 3 of the Dungeon.
             The game lasted 00:01:58 (2093 turns).

enile the Skirmisher (Ogre Wanderer)                Turns: 2093, Time: 00:01:59

Health: -15/52     AC:  3    Str: 23    XL:     4   Next: 27%
Magic:  4/4        EV:  9    Int: 10    God:    Yredelemnul [......]
Gold:   144        SH:  0    Dex:  6    Spells: 3/3 levels left

rFire   . . .      SeeInvis .   a - +2 mace
rCold   . . .      Faith    .   (no shield)
rNeg    . . .      Spirit   .   c - +0 robe
rPois   .          Reflect  .   (helmet restricted)
rElec   .          Harm     .   (no cloak)
rCorr   .          Rampage  .   (gloves unavailable)
Will    .....                   (boots unavailable)
Stlth   +.........              (no amulet)
HPRegen 0.17/turn               (no ring)
MPRegen 0.09/turn               (no ring)

@: no status effects
A: large, unfitting armour, tough skin 1
a: Renounce Religion, Recall Undead Harvest


You were on level 3 of the Dungeon.
You worshipped Yredelemnul.
Yredelemnul was noncommittal.
You visited 1 branch of the dungeon, and saw 3 of its levels.

You collected 144 gold pieces.

Inventory:

Hand Weapons
 a - a +2 mace (weapon)
 b - a +0 spear
Missiles
 g - 3 large rocks (quivered)
Armour
 c - a +0 robe (worn)
 h - a +0 ring mail
Scrolls
 f - a scroll of vulnerability {unknown}
 i - a scroll of teleportation {unknown}
Potions
 d - a potion of curing {unknown}
 e - a potion of resistance {unknown}
 j - a potion of ambrosia {unknown}
 k - a potion of might {unknown}
 l - a potion of degeneration {unknown}
 m - a potion of flight {unknown}


   Skills:
 + Level 5.9 Fighting
 - Level 3.6 Maces & Flails
 - Level 1.0 Polearms
 - Level 2.1 Dodging


You had 3 spell levels left.
You didn't know any spells.
Your spell library was empty.

Dungeon Overview and Level Annotations

Branches:
Dungeon (3/15)

Altars:
Yredelemnul


Innate Abilities, Weirdness & Mutations

You are too large for most types of armour.
You have tough skin. (AC +1)


Message History

There is a stone staircase leading down here.
You climb downwards.
Your mindless puppet stays behind to rot.
There is a stone staircase leading up here.
You now have 144 gold pieces (gained 9).
You open the door.
There is an open door here.
You open the large door.
There is a large open door here.
There is a large open door here.
You open the door.
There is an open door here.
m - a lumpy puce potion
Found a stone staircase leading down.
Found 20 bolts.
An ogre comes into view. It is wielding a +0 giant spiked club.
The ogre shouts!
An ogre is nearby!
An ogre is nearby!
Throw: 5 large rocks
Press: ? - help, Q - select action, (/) - cycle Shift-Dir - straight line, f - ogre
Aim: an ogre, wielding a +0 giant spiked club (71% to hit)
You throw a large rock. The large rock hits the ogre!!
The ogre is severely wounded.
The ogre barely misses you.
You barely miss the ogre.
The ogre is severely wounded.
The ogre hits you with a +0 giant spiked club!!
You barely miss the ogre.
The ogre is severely wounded.
Throw: 4 large rocks
Press: ? - help, Q - select action, (/) - cycle Shift-Dir - straight line, f/p - ogre
Aim: an ogre, wielding a +0 giant spiked club (severely wounded, 71% to hit)
You throw a large rock. The large rock barely misses the ogre.
The ogre hits you with a +0 giant spiked club!!
* * * LOW HITPOINT WARNING * * *
The ogre hits you with a +0 giant spiked club!!
Ouch! That really hurt!
You die...
Your body rises from the dead as a mindless zombie.

##..## ...... ......
...... #######
###+######## .(...
'........... ....
####.#####.# #.#.( #
#.## #.# #.#O# # #
#..# #.# #.#@###.# #
##.## #.# #.#.#...#
# #..# #.# #.#.....#
# ##.###.#
#.#.##..#.# #
#..##.# #.#........
##.##.# #.......#.#
###..#.###...#...# #
#...................
#.##.#.###..###..#.#


You could see an ogre.

Vanquished Creatures
  2 adders (D:2)
  2 worms (D:2)
  5 dart slugs
  4 endoplasms
  3 giant cockroaches
  3 goblins (D:1)
  2 hobgoblins (D:1)
  2 kobolds (D:2)
  3 quokkas
  3 ball pythons
  3 bats
  3 frilled lizards
  5 rats
40 creatures vanquished.

Vanquished Creatures (others)
  A kobold zombie (D:2)
1 creature vanquished.

Grand Total: 41 creatures vanquished

Notes
Turn   | Place    | Note
-------+----------+-------------------------------------------
     0 | D:1      | enile the Ogre Wanderer began the quest for the Orb.
     0 | D:1      | enile set off with the following items: a +2 mace, a +0
                  | spear, a +0 robe
     0 | D:1      | Reached XP level 1. HP: 22/22 MP: 1/1
    38 | D:1      | Reached skill level 3 in Fighting
   249 | D:1      | Reached XP level 2. HP: 27/32 MP: 2/2
   413 | D:1      | Reached skill level 4 in Fighting
   749 | D:1      | Reached XP level 3. HP: 37/40 MP: 3/3
   864 | D:1      | Found a faded altar of an unknown god.
   896 | D:1      | Prayed at the altar of an unknown god.
   896 | D:1      | Became a worshipper of Yredelemnul the Dark
   896 | D:1      | Reached * piety under Yredelemnul
   944 | D:2      | Reached skill level 5 in Fighting
  1413 | D:2      | Reached XP level 4. HP: 50/50 MP: 4/4
  2089 | D:3      | Noticed an ogre
  2093 | D:3      | Demolished by an ogre

Illustrated notes

Levels and vault maps discovered:
D:1:      ebering_hopf_link, layout_loops_ring,
          hellmonk_ecumenical_altar_inner_sanctum
D:2:      layout_loops_ring, nrook_loot_triangle, grunt_ministairs_6,
          lemuel_old_faithful
D:3:      layout_basic, lemuel_tele_altar, serial_shops, nicolae_shop_crystal,
          uniq_sigmund

Skill      XL: |  1  2  3 |
---------------+----------+-----
Fighting       | 3 4 5 |  5.9
Maces & Flails | |  3.6
Polearms       | |  1.0
Dodging        | |  2.1

Action                   |  1- 3 |  4- 6 || total
-------------------------+-------+-------++-------
Melee: Mace              |    93 |    10 ||   103
Throw: Large rock        |     3 |     2 ||     5
Armor: Robe              |    27 |     3 ||    30
Dodge: Dodged            |    46 |     1 ||    47

Table legend: (Time is in decaauts)
 A = Elapsed time spent in this place.
 B = Non-inter-level travel time spent in this place.
 C = Inter-level travel time spent in this place.
 D = Time resting spent in this place.
 E = Time spent auto-exploring this place.
 F = Levels seen in this place.
 G = Mean time per level.
                   A        B        C        D        E       F      G
               +--------+--------+--------+--------+--------+-----+--------+
         Total |   2121 |   2066 |     55 |      0 |   1778 |   3 |  707.0 |
       Dungeon |   2121 |   2066 |     55 |      0 |   1778 |   3 |  707.0 |
               +--------+--------+--------+--------+--------+-----+--------+

Top non-repeatable levels by time:
     D:2: 1094 daAuts
     D:1: 949 daAuts
     D:3: 77 daAuts
